Map: Darkness Sanctuary LE

Players

Serral - Winner!

  • Race: Zerg Zerg
  • Spawn Location: 7:00

Lambo

  • Race: Zerg Zerg
  • Spawn Location: 1:00

Event: WCS Austin 2018

VOD

Have the link to the VOD?

Description

Time

  • Played on: June 3, 2018, 4:35 p.m.
  • Length: 15:40

All games in this series

Show
View Real Time Build Order
Export as new Build Order

Serral Zerg - Winner!

Build Orders: Hatch First, Muta Ling Bane 

Get SALT Encoding   

  12  0:00  Drone  
  13  0:12  Overlord  
  13  0:16  Drone  
  14  0:30  Drone  
  14  0:31  Drone  
  14  0:34  Drone  
  17  0:52  Hatchery  
  17  0:55  Drone  
  17  0:58  Drone  
  17  1:03  Extractor  
  17  1:13  Spawning Pool  
  17  1:16  Drone  
  17  1:19  Drone  
  18  1:28  Drone  
  19  1:38  Overlord  
  19  1:59  Queen  
  19  2:00  Zergling x4  
  23  2:03  Metabolic Boost, Queen  
  23  2:07  Zergling x2  
  26  2:15  Drone  
  27  2:16  Drone  
  28  2:24  Drone  
  29  2:30  Baneling Nest  
  29  2:35  Overlord  
  29  2:37  Drone x2  
  31  2:44  Drone  
  31  2:55  Hatchery  
  30  3:00  Drone  
  30  3:01  Zergling x2  
  30  3:04  Drone  
  33  3:06  Drone  
  33  3:09  Drone  
  33  3:11  Drone  
  33  3:12  Zergling x2  
  37  3:16  Drone  
  37  3:19  Drone  
  39  3:26  Zergling x2  
  40  3:29  Baneling x2  
  40  3:32  Drone  
  40  3:33  Zergling x2, Drone  
  40  3:34  Zergling x2  
  44  3:41  Overlord  
  44  3:45  Overlord  
  43  3:48  Baneling  
  43  3:49  Baneling  
  43  3:54  Baneling x2  
  43  4:01  Zergling x12  
  49  4:07  Queen  
  51  4:10  Drone x2  
  51  4:16  Lair  
  52  4:24  Overlord  
  52  4:28  Drone x8  
  52  4:31  Extractor  
  59  4:32  Extractor x2  
  59  4:34  Zergling x4  
  50  4:41  Zergling x4  
  49  4:46  Baneling, Zergling x2  
  49  4:47  Drone x2  
  49  4:51  Zergling x2  
  53  4:54  Drone x2  
  53  4:56  Drone  
  56  5:05  Drone x5  
  56  5:06  Baneling  
  61  5:10  Zergling x2  
  61  5:12  Baneling  
  62  5:17  Spire  
  62  5:19  Zergling x4  
  62  5:20  Zergling x2  
  64  5:27  Drone x4  
  67  5:30  Spine Crawler, Zergling x4  
  68  5:36  Overlord  
  68  5:40  Baneling x2, Zergling x6  
  68  5:42  Baneling x2  
  71  5:47  Zergling x6  
  74  5:54  Overlord  
  75  5:57  Drone x6  
  75  6:04  Overlord  
  80  6:08  Overlord  
  75  6:13  Drone x3  
  78  6:21  Drone x2  
  78  6:24  Extractor x2  
  78  6:27  Evolution Chamber  
  78  6:29  Mutalisk x5  
  87  6:38  Baneling, Drone x2  
  87  6:39  Drone x4  
  93  6:45  Baneling x2  
  93  6:50  Mutalisk x2  
  93  6:53  Zerg Melee Weapons Level 1  
  97  6:56  Overlord  
  97  6:58  Zergling x10  
  102  7:05  Zergling x10  
  105  7:10  Zerg Flyer Weapons Level 1  
  105  7:12  Overlord x4  
  104  7:22  Centrifical Hooks  
  104  7:28  Hatchery  
  104  7:29  Drone x2  
  105  7:31  Drone  
  105  7:32  Mutalisk x4  
  114  7:41  Mutalisk x2  
  118  7:44  Overlord  
  118  7:45  Zergling x2  
  118  7:46  Zergling x8  
  118  7:48  Overlord  
  123  7:53  Mutalisk x2  
  127  7:59  Zergling x6  
  127  8:04  Baneling x7  
  130  8:06  Zergling x4  
  130  8:09  Zergling x12  
  138  8:15  Mutalisk x2  
  142  8:27  Unknown  
  142  8:28  Mutalisk x2  
  142  8:40  Infestation Pit, Zergling x28  
  146  8:45  Baneling x8  
  146  8:46  Baneling  
  146  8:49  Zergling x4  
  148  8:57  Mutalisk  
  148  8:58  Mutalisk  
  152  9:04  Overlord  
  152  9:07  Baneling x6  
  152  9:12  Drone x2, Queen  
  152  9:13  Overlord x3, Drone x2  
  152  9:15  Extractor  
  152  9:16  Extractor  
  156  9:23  Mutalisk x2  
  154  9:28  Zergling x14  
  163  9:33  Hive  
  160  9:41  Zerg Melee Weapons Level 2  
  160  9:45  Zergling x16  
  145  9:53  Drone x4  
  145  9:55  Zergling x2  
  145  9:56  Zergling x4  
  145  9:58  Baneling x8  
  152  10:11  Evolution Chamber  
  152  10:14  Zergling x14  
  157  10:19  Zergling x4  
  154  10:40  Mutalisk x4  
  154  10:42  Zerg Ground Armor Level 1  
  158  10:45  Overlord, Ultralisk Cavern  
  158  10:46  Drone x3  
  158  10:48  Adrenal Glands  
  160  10:53  Overseer, Pneumatized Carapace  
  160  10:56  Viper  
  163  10:57  Zergling x2  
  163  10:58  Zergling x18  
  163  11:02  Hatchery  
  163  11:03  Overlord  
  163  11:04  Overlord  
  172  11:06  Viper  
  167  11:32  Chitinous Plating  
  167  11:33  Ultralisk x2  
  179  11:41  Baneling x5  
  179  11:51  Ultralisk  
  179  11:52  Zergling x38  
  176  12:02  Zergling x4, Ultralisk  
  176  12:03  Zergling x2  
  176  12:04  Zergling x2  
  179  12:16  Ultralisk  
  179  12:21  Ultralisk  
  187  12:30  Zergling x12  
  187  12:31  Baneling x2  
  188  12:40  Baneling x10  
  183  12:44  Overseer  
  183  12:45  Overseer  
  183  12:52  Baneling x2  
  183  12:53  Baneling x4  
  183  12:57  Zergling x2  
  183  12:58  Zergling x10  
  168  13:10  Zergling x30  
  168  13:12  Zergling x2  
  160  13:15  Zergling x8  
  132  13:22  Ultralisk  
  129  13:28  Zergling x10  
  134  13:42  Drone  
  134  13:43  Unknown x6  
  134  13:48  Viper x2  
  135  13:54  Ultralisk  
  147  13:59  Zergling x10  
  151  14:09  Baneling x15  
  148  14:10  Zergling x6  
  146  14:18  Ultralisk  
  146  14:19  Unknown x4, Zergling x8, Ultralisk  
  161  14:30  Zergling x4  
  163  14:33  Ultralisk  
  163  14:36  Overseer  
  169  14:45  Ultralisk x2  
  181  14:51  Overlord x2  
  149  15:07  Zergling x38  
  149  15:08  Zergling x2  
  149  15:12  Zergling x8  
Show
View Real Time Build Order
Export as new Build Order

Lambo Zerg 

Build Orders: Hatch First, Lurkers, Roach Hydra 

Get SALT Encoding   

  12  0:00  Drone  
  13  0:12  Overlord  
  13  0:17  Drone  
  14  0:31  Drone x2  
  16  0:48  Hatchery  
  15  0:51  Drone  
  15  0:55  Drone  
  17  0:58  Drone  
  17  1:03  Extractor  
  17  1:14  Spawning Pool  
  17  1:17  Drone  
  17  1:20  Drone  
  18  1:30  Drone  
  19  1:41  Drone  
  20  1:50  Overlord  
  20  2:01  Queen x2  
  20  2:04  Metabolic Boost  
  20  2:06  Drone  
  20  2:07  Zergling x2  
  26  2:12  Drone  
  27  2:18  Drone  
  27  2:22  Drone x2  
  30  2:36  Hatchery  
  29  2:39  Zergling x2  
  29  2:40  Drone  
  31  2:47  Zergling x2  
  31  2:48  Overlord  
  32  2:55  Drone  
  33  3:03  Drone  
  34  3:07  Drone x2  
  34  3:09  Zergling x12  
  42  3:19  Zergling x4  
  43  3:28  Baneling Nest  
  43  3:29  Zergling x4  
  44  3:39  Overlord x2  
  44  3:48  Drone  
  45  3:51  Drone  
  45  3:52  Drone  
  47  3:59  Drone x5  
  47  4:01  Queen  
  54  4:04  Drone  
  51  4:12  Drone x2  
  51  4:14  Baneling x2  
  51  4:15  Baneling  
  51  4:16  Zergling x8  
  56  4:28  Drone x2  
  56  4:30  Drone  
  58  4:35  Drone x2  
  58  4:37  Drone x2  
  61  4:39  Drone x3  
  61  4:40  Drone  
  61  4:45  Drone  
  61  4:48  Extractor x2  
  61  4:49  Drone x2  
  61  4:50  Evolution Chamber  
  61  4:52  Roach Warren  
  59  4:56  Baneling x2  
  59  4:58  Zergling x8  
  63  5:03  Drone x2  
  63  5:04  Baneling, Overlord  
  65  5:11  Baneling x3  
  65  5:14  Drone  
  66  5:21  Overlord  
  66  5:22  Overlord  
  66  5:24  Drone x7  
  74  5:28  Lair  
  74  5:33  Overlord  
  72  5:37  Extractor  
  72  5:38  Zerg Missile Weapons Level 1  
  72  5:39  Extractor  
  70  5:43  Drone x3  
  70  5:45  Drone x2  
  70  5:48  Extractor  
  70  5:49  Baneling x2  
  74  5:51  Drone x3  
  74  5:52  Drone  
  74  5:53  Drone x3  
  74  5:54  Overlord, Drone x2  
  83  6:02  Roach x5  
  91  6:11  Hatchery  
  89  6:14  Roach x3  
  89  6:18  Overlord, Queen x2  
  100  6:25  Drone x3  
  100  6:26  Drone x4  
  100  6:31  Hydralisk Den  
  105  6:36  Queen  
  107  6:40  Spore Crawler x2  
  107  6:41  Roach  
  107  6:42  Roach x3  
  113  6:54  Hatchery, Queen  
  113  6:56  Overlord  
  113  6:57  Glial Reconstitution  
  114  7:01  Grooved Spines  
  114  7:02  Spore Crawler  
  114  7:08  Spore Crawler  
  111  7:09  Overlord, Spore Crawler  
  111  7:11  Spore Crawler, Drone  
  111  7:12  Drone x3  
  111  7:17  Drone x2  
  111  7:20  Overlord, Spore Crawler  
  111  7:21  Overlord  
  112  7:23  Overlord  
  112  7:27  Overlord  
  112  7:28  Lurker Den  
  111  7:31  Hydralisk  
  113  7:37  Spore Crawler  
  113  7:39  Spore Crawler  
  113  7:40  Overlord  
  113  7:41  Overlord  
  113  7:44  Overseer  
  111  7:48  Hydralisk x2  
  111  7:49  Hydralisk x2  
  119  7:54  Hydralisk x4  
  125  8:00  Hydralisk x2  
  125  8:01  Roach x2  
  125  8:05  Hydralisk x2  
  133  8:06  Roach x2  
  133  8:10  Zergling x2  
  133  8:11  Hydralisk, Roach  
  133  8:12  Extractor  
  145  8:14  Extractor  
  145  8:15  Muscular Augments  
  145  8:16  Infestation Pit  
  143  8:21  Hydralisk x2  
  147  8:29  Spore Crawler  
  147  8:30  Spore Crawler  
  147  8:31  Roach x3  
  147  8:32  Roach  
  152  8:38  Drone x5  
  152  8:41  Drone  
  154  8:42  Spore Crawler x2  
  154  8:47  Drone x2  
  154  8:48  Drone x2  
  156  8:58  Hive  
  156  8:59  Lurker x4  
  160  9:05  Zerg Missile Weapons Level 2  
  159  9:12  Overlord  
  159  9:13  Spore Crawler  
  158  9:21  Overlord  
  158  9:37  Overlord x2  
  158  9:39  Queen  
  158  9:40  Hydralisk  
  158  9:42  Overlord, Drone x9  
  150  9:48  Drone x5  
  149  9:53  Drone x2  
  149  9:55  Drone  
  149  9:56  Drone  
  153  10:06  Drone x3  
  153  10:07  Drone x2  
  157  10:10  Hydralisk  
  160  10:14  Queen  
  160  10:19  Viper x2  
  160  10:21  Hydralisk x2  
  172  10:29  Hydralisk x3  
  172  10:33  Extractor  
  174  10:38  Spine Crawler  
  174  10:39  Drone x5  
  174  10:41  Drone x2  
  168  10:48  Drone x2  
  168  10:49  Viper  
  173  10:52  Lurker x2  
  173  10:53  Lurker  
  176  10:59  Viper  
  176  11:00  Lurker x2  
  176  11:01  Hydralisk  
  176  11:03  Overseer  
  183  11:06  Drone  
  184  11:16  Overlord  
  184  11:20  Overlord  
  184  11:26  Overlord, Overseer  
  184  11:28  Overlord  
  184  11:31  Spine Crawler  
  183  11:33  Spore Crawler  
  183  11:35  Hydralisk x4  
  183  11:39  Overlord, Lurker x2  
  192  11:40  Hydralisk x2  
  192  11:43  Overseer  
  192  11:44  Hydralisk  
  191  11:56  Unknown  
  191  11:57  Unknown  
  191  11:58  Hydralisk x4  
  199  12:03  Lurker  
  199  12:04  Spore Crawler x2  
  198  12:08  Hydralisk  
  200  12:18  Zerg Missile Weapons Level 3  
  200  12:20  Evolution Chamber  
  200  12:21  Overseer  
  200  12:22  Overseer  
  199  12:26  Hydralisk x2  
  199  12:29  Lurker  
  199  12:30  Lurker  
  199  12:48  Pneumatized Carapace  
  199  13:05  Unknown x4  
  177  13:06  Hydralisk x18  
  150  13:18  Hydralisk x3  
  141  13:21  Unknown x5  
  141  13:25  Hydralisk  
  127  13:30  Hydralisk x4  
  127  13:32  Lurker x3  
  138  13:38  Roach x3  
  144  13:42  Roach  
  144  13:43  Roach  
  144  13:47  Roach x2  
  152  13:53  Roach x3  
  158  13:57  Roach  
  158  13:59  Lurker  
  158  14:00  Lurker  
  158  14:01  Roach  
  166  14:07  Unknown  
  166  14:09  Roach  
  170  14:10  Roach x3  
  170  14:21  Hydralisk x3  
  176  14:26  Hatchery  
  176  14:29  Hydralisk  
  177  14:40  Hydralisk x2  
  177  14:43  Unknown  
  177  14:44  Unknown  
  181  14:51  Hydralisk x2  
  185  14:59  Hydralisk x3  
  166  15:07  Hydralisk x2  
  166  15:12  Hydralisk  
  166  15:13  Hydralisk  
  148  15:16  Hydralisk  
  152  15:29  Unknown  
Tags
 
Add a new tag
Caveats
  • Supply blocks, unpowered buildings, or Contaminate may cause inaccurate times.
  • Supply counts are checked every 10 seconds.